Map: Arctic Dream LE

Players

DropDead

  • Race: Protoss Protoss
  • League: Platinum
  • Spawn Location: 11:00

Frankiller

  • Race: Terran Terran
  • League: Diamond
  • Spawn Location: 12:00

qqq

  • Race: Terran Terran
  • Spawn Location: 5:00

Massa

  • Race: Protoss Protoss
  • League: Platinum
  • Spawn Location: 6:00

VOD

Have the link to the VOD?

Description

Time

  • Played on: Nov. 6, 2020, 12:35 p.m.
  • Length: 2:49
Show
View Real Time Build Order
Export as new Build Order

DropDead Protoss 

Build Orders:  

Get SALT Encoding   

  12  0:00  Probe  
  13  0:12  Probe  
  14  0:18  Pylon  
  14  0:24  Probe  
  15  0:37  Gateway  
  15  0:39  Probe (Chrono Boost)  
  16  0:51  Probe (Chrono Boost)  
  16  0:54  Assimilator  
  16  0:56  Probe  
  18  1:09  Gateway  
  18  1:12  Probe  
  19  1:20  Pylon  
  19  1:29  Zealot (Chrono Boost)  
  21  1:50  Zealot (Chrono Boost)  
  23  2:01  Cybernetics Core  
  23  2:02  Probe  
  28  2:18  Zealot (Chrono Boost)  
Show
View Real Time Build Order
Export as new Build Order

Frankiller Terran 

Build Orders:  

Get SALT Encoding   

  12  0:02  SCV  
  13  0:16  SCV  
  13  0:19  Supply Depot  
  14  0:28  SCV  
  15  0:39  Refinery  
  15  0:43  SCV  
  16  0:50  Barracks  
  16  0:56  SCV  
  16  1:11  Supply Depot  
  16  1:16  SCV  
  17  1:22  Barracks  
  17  1:37  Reaper  
  16  1:45  SCV  
  17  1:53  Refinery  
  17  2:07  SCV  
  18  2:11  Reaper  
  20  2:23  SCV  
Show
View Real Time Build Order
Export as new Build Order

qqq Terran 

Build Orders:  

Get SALT Encoding   

  12  0:00  SCV  
  13  0:12  SCV  
  14  0:20  Supply Depot  
  14  0:26  SCV  
  15  0:41  SCV  
  16  0:53  SCV  
  17  1:05  SCV  
  18  1:20  SCV  
  19  1:57  Barracks  
  19  2:05  SCV  
  20  2:19  SCV  
Show
View Real Time Build Order
Export as new Build Order

Massa Protoss 

Build Orders:  

Get SALT Encoding   

  12  0:00  Probe (Chrono Boost)  
  13  0:10  Probe (Chrono Boost)  
  14  0:15  Probe (Chrono Boost)  
  15  0:22  Pylon  
  15  0:40  Probe  
  16  0:52  Probe  
  17  1:07  Probe  
  18  1:49  Probe  
  20  2:01  Probe  
  19  2:29  Pylon  
Tags
 
Add a new tag
Caveats
  • Supply blocks, unpowered buildings, or Contaminate may cause inaccurate times.
  • Supply counts are checked every 10 seconds.